 Dungeon Crawl Stone Soup version 0.23-a0-171-g5ae17c6 (webtiles) character file.

534 EvilAliv3 the Conjurer (level 7, 0/48 HPs)
             Began as a Demonspawn Wanderer on Sept 14, 2018.
             Succumbed to Dowan's poison
             ... on level 3 of the Dungeon.
             The game lasted 00:45:49 (6821 turns).

EvilAliv3 the Conjurer (Demonspawn Wanderer)        Turns: 6821, Time: 00:45:49

Health: 0/48       AC: 20    Str: 19    XL:     7   Next: 4%
Magic:  2/14       EV: 10    Int: 15    God:
Gold:   196        SH:  4    Dex: 11    Spells: 12/15 levels left

rFire    . . .     SeeInvis .   w - +1 spear
rCold    . . .     Gourm    .   x - +0 buckler
rNeg     . . .     Faith    .   F - +0 ring mail
rPois    .         Spirit   .   j - +0 helmet
rElec    .         Reflect  .   r - +0 cloak
rCorr    .         Harm     .   I - +0 pair of gloves
MR       .....                  (no boots)
Stlth    +.........             (no amulet)
HPRegen  0.16/turn              (no ring)
MPRegen  0.14/turn              (no ring)

@: mighty, lethally poisoned (0 -> -21), sanguine armour, very slightly
contaminated
A: hooves 1, sanguine armour 3
a: no special abilities


You were on level 3 of the Dungeon.
You were not hungry.

You visited 2 branches of the dungeon, and saw 6 of its levels.

You collected 284 gold pieces.
You spent 88 gold pieces at shops.

Inventory:

Hand Weapons
 a - a +0 short sword
 e - a +0 club
 f - a +0 dagger
 w - a +1 spear (weapon)
Missiles
 i - 148 stones (quivered)
 k - 7 javelins
Armour
 j - a +0 helmet (worn)
 r - a +0 cloak (worn)
 x - a +0 buckler (worn)
 E - a +0 scale mail
 F - a +0 ring mail (worn)
 I - a +0 pair of gloves (worn)
Jewellery
 l - an uncursed ring of ice
 D - an uncursed ring of ice
Scrolls
 c - 3 scrolls of teleportation
 d - a scroll of enchant weapon
 m - a scroll of magic mapping {unknown}
 o - a scroll of blinking
 t - 4 scrolls of identify
 u - a scroll of random uselessness {unknown}
 y - a scroll of immolation {unknown}
 B - a scroll of fear {unknown}
 C - a scroll of fog {unknown}
 L - a scroll of holy word {unknown}
Potions
 b - 3 potions of lignification
 h - a potion of mutation
 p - a potion of curing {unknown}
 q - 2 potions of magic
 s - a potion of ambrosia {unknown}
 v - a potion of heal wounds {unknown}
 z - 2 potions of agility
 A - a potion of flight {unknown}
 G - 2 potions of might
 K - 2 potions of brilliance {unknown}
Comestibles
 g - 8 rations
 n - 5 chunks of flesh


   Skills:
 + Level 1.1 Fighting
 - Level 1.7 Polearms
 - Level 1.7 Stealth
 + Level 1.9 Shields
 + Level 4.7 Spellcasting
 + Level 4.8 Conjurations
   Level 1.0 Hexes
 + Level 1.9 Translocations
   Level 1.0 Evocations


You had 12 spell levels left.
You knew the following spells:

 Your Spells              Type           Power        Failure   Level  Hunger
a - Magic Dart            Conj           ###.         5%          1    None
b - Blink                 Tloc           N/A          26%         2    ##.....

Your spell library contained the following spells:

 Spells                   Type           Power        Failure   Level  Hunger
 Slow                     Hex            #.......     36%         2    ##.....
 Conjure Flame            Conj/Fire      ##......     41%         3    ###....
 Call Imp                 Summ           #.......     50%         2    ##.....
 Mephitic Cloud           Conj/Pois/Air  #.......     52%         3    ###....


Dungeon Overview and Level Annotations

Branches:
Dungeon (5/15)             Temple (1/1) D:5

Altars:
Ashenzari
Cheibriados
Dithmenos
Elyvilon
Fedhas
Hepliaklqana
Kikubaaqudgha
Makhleb
Nemelex Xobeh
Okawaru
Qazlal
Ru
Sif Muna
Trog
Uskayaw
Vehumet
Xom
Yredelemnul
The Shining One

Shops:
D:5 }*

Annotations:
D:3 Dowan
D:4 1 transporter, Grinder; zyena's ghost, novice DsFi


Innate Abilities, Weirdness & Mutations

You have large cloven feet.
When seriously injured, your bleeding wounds create very thick armour. (AC +12)


Message History

You are more poisoned.
You barely miss Dowan. Your kick misses Dowan.
Dowan is lightly wounded.
* * * LOW HITPOINT WARNING * * *
You feel sick. Dowan hits you but does no damage.
You are more poisoned.
You hit Dowan.
Dowan is moderately wounded.
* * * LOW HITPOINT WARNING * * *
You feel sick. Dowan hits you but does no damage. x2
You are more poisoned.
You barely miss Dowan. You kick Dowan.
Dowan is heavily wounded.
* * * LOW HITPOINT WARNING * * *
You feel sick.
Dowan mumbles some strange words.
Dowan blinks!
It was a potion of might.
You feel very mighty all of a sudden.
You die...

.#
#.#.###...............
.#
#.#.......########.###
.# #.######### #.# .#
#.# #(# ## #.# #.# .#
#.# ####.# .# #.#
#....# .# #.######
#.##.#
.###########.e..@.#
#S##.#
.##............ยง..#
#.##.###
)##.###############
#.##>..# ..#.##
#<...)[. #....#
######.. ..#..# #..
.##..######## #..
.##.........# #..
....#######.# #..


You could see Dowan.

Vanquished Creatures
  Duvessa (D:4)
  A jelly (D:5)
  A hound (D:4)
  A centaur skeleton (D:4)
  2 iguanas
  An orc wizard (D:5)
  3 worker ants (D:4)
  5 adders
  2 oozes
  2 worms (D:2)
  2 dart slugs
  5 leopard geckos
  11 orcs
  4 giant cockroaches
  9 goblins
  10 hobgoblins
  19 jackals
  3 quokkas (D:2)
  3 ball pythons (D:3)
  6 bats
  2 frilled lizards
  6 kobolds
  18 rats
117 creatures vanquished.

Notes
Turn   | Place    | Note
-------+----------+-------------------------------------------
     0 | D:1      | EvilAliv3 the Demonspawn Wanderer began the quest for the
                  | Orb.
     0 | D:1      | EvilAliv3 set off with: a potion of lignification, a scroll
                  | of teleportation, a +0 robe, a +0 club, a +0 dagger, a
                  | ration
     0 | D:1      | Reached XP level 1. HP: 13/13 MP: 2/2
     2 | D:1      | Learned a level 1 spell: Magic Dart
   518 | D:1      | You fall through a shaft!
   559 | D:1      | Gained mutation: When seriously injured, your bleeding
                  | wounds create armour. (AC +12) [demonic ancestry]
   559 | D:1      | Reached XP level 2. HP: 12/19 MP: 4/4
  1423 | D:1      | Reached XP level 3. HP: 24/24 MP: 6/6
  2537 | D:2      | Gained mutation: When seriously injured, your bleeding
                  | wounds create thick armour. (AC +12) [demonic ancestry]
  2537 | D:2      | Reached XP level 4. HP: 30/30 MP: 2/8
  3230 | D:3      | Learned a level 2 spell: Blink
  3726 | D:3      | Gained mutation: When seriously injured, your bleeding
                  | wounds create very thick armour. (AC +12) [demonic
                  | ancestry]
  3726 | D:3      | Reached XP level 5. HP: 26/35 MP: 6/10
  4974 | D:4      | Found a radiant altar of Vehumet.
  4974 | D:4      | Found a glowing golden altar of the Shining One.
  5203 | D:4      | HP: 1/35 [poisoned by a worker ant]
  5534 | D:4      | Noticed Grinder
  5697 | D:4      | Reached skill level 1 in Shields
  5807 | D:4      | Reached skill level 1 in Translocations
  5807 | D:4      | Gained mutation: You have large cloven feet. [demonic
                  | ancestry]
  5807 | D:4      | Reached XP level 6. HP: 22/41 MP: 2/12
  5970 | D:4      | Found a transporter.
  5971 | D:4      | Noticed zyena's ghost (novice DsFi)
  5990 | D:4      | Noticed Duvessa
  5990 | D:4      | Noticed Dowan
  6297 | D:4      | Found a basalt altar of Yredelemnul.
  6359 | D:5      | Entered Level 5 of the Dungeon
  6359 | D:5      | Found Pirelia's Gadget Boutique.
  6378 | D:5      | Found a staircase to the Ecumenical Temple.
  6398 | Temple   | Entered the Ecumenical Temple
  6543 | D:5      | Found Dybbili's Assorted Antiques.
  6564 | D:5      | Bought 2 bubbling red potions for 43 gold pieces
  6564 | D:5      | Bought a silvery potion for 21 gold pieces
  6564 | D:5      | Bought a scroll labeled MYPLAOH WUTEAGGU for 24 gold pieces
  6801 | D:4      | Killed Duvessa
  6801 | D:4      | Reached skill level 1 in Fighting
  6801 | D:4      | Reached XP level 7. HP: 22/48 MP: 0/14
  6820 | D:3      | HP: 2/48 [poisoned by Dowan]
  6821 | D:3      | Succumbed to Dowan's poison

Vault maps used:
D:1:      onia_arrival_larder, grunt_decor_mini_mirrors, minmay_pentomino_w2
D:2:      first_ration
D:4:      gammafunk_temple_overflow_wave, marbit_many_paths,
          gammafunk_ghost_arena, uniq_duvessa, uniq_grinder
D:5:      grunt_temple_overflow_gold_and_silver, minmay_temple_entry_grid,
          serial_shops, shop_statue, kennysheep_mini, uniq_eustachio
Temple:   compressed_dpeg_circular_temple

Skill      XL: |  1  2  3  4  5  6 |
---------------+-------------------+-----
Spellcasting   | 2 3 4 |  4.7
Conjurations   | 4 |  4.8
Shields        | 1 |  1.9
Translocations | 1 |  1.9
Fighting       | 1 |  1.1
Polearms       | |  1.7
Stealth        | |  1.7
Hexes          | |  1.0
Evocations     | |  1.0

Action                   |  1- 3 |  4- 6 |  7- 9 || total
-------------------------+-------+-------+-------++-------
Melee: Dagger            |    80 |       |       ||    80
       Club              |    12 |       |       ||    12
       Short sword       |    27 |       |       ||    27
       Spear             |    52 |   208 |     5 ||   265
       Kick              |       |     9 |     1 ||    10
 Cast: Magic Dart        |    54 |   182 |     1 ||   237
  Use: Scroll            |       |     8 |       ||     8
       Potion            |       |       |     1 ||     1
 Stab: Sleeping          |     7 |     2 |       ||     9
  Eat: Chunk             |     6 |    14 |       ||    20
Armor: Robe              |    53 |       |       ||    53
       Leather armour    |    18 |    28 |       ||    46
       Ring mail         |       |    74 |     5 ||    79
Dodge: Dodged            |   108 |   127 |     1 ||   236
Block: Buckler           |       |    23 |     1 ||    24

Table legend:
 A = Non-vault XP
 B = Vault XP
 C = Vault XP percentage of total XP
 D = Non-vault monster count
 E = Vault monster count
 F = Vault count percentage of total count
                 A         B        C        D         E       F
            +---------+---------+-------+---------+---------+-------
      Total |     566 |     198 |  25.9 |     109 |       8 |   6.8
            +---------+---------+-------+---------+---------+-------
        D:1 |      45 |       7 |  13.5 |      25 |       6 |  19.4
        D:2 |      78 |       0 |   0.0 |      25 |       0 |   0.0
        D:3 |     123 |       0 |   0.0 |      33 |       0 |   0.0
        D:4 |     219 |     191 |  46.6 |      17 |       2 |  10.5
        D:5 |     101 |       0 |   0.0 |       9 |       0 |   0.0
            +---------+---------+-------+---------+---------+-------
